 Dungeon Crawl Stone Soup version 0.29-a0-1030-gf5f8719cae (webtiles) character file.

Game seed: 4143145713000340557

9 DungeonMaster the Chopper (level 2, 20/22 HPs)
             Began as a Demonspawn Wanderer on Aug 14, 2022.
             Quit the game on level 1 of the Dungeon.
             The game lasted 00:00:36 (332 turns).

DungeonMaster the Chopper (Demonspawn Wanderer)      Turns: 332, Time: 00:00:37

Health: 20/22      AC:  2    Str: 10    XL:     2   Next: 3%
Magic:  2/2        EV: 11    Int: 13    God:
Gold:   9          SH:  4    Dex: 14    Spells: 1/1 levels left

rFire   . . .      SeeInvis .   a - +2 hand axe
rCold   . . .      Faith    .   c - +0 buckler
rNeg    . . .      Spirit   .   e - +0 robe
rPois   .          Reflect  .   (helmet restricted)
rElec   .          Harm     .   (no cloak)
rCorr   .          Rampage  .   (no gloves)
Will    .....                   (no boots)
Stlth   ++........              (no amulet)
HPRegen 0.07/turn               (no ring)
MPRegen 0.08/turn               (no ring)

@: no status effects
A: horns 1
a: no special abilities


You were on level 1 of the Dungeon.
You visited 1 branch of the dungeon, and saw 1 of its levels.

You collected 9 gold pieces.

Inventory:

Hand Weapons
 a - a +2 hand axe (weapon)
 b - a +0 falchion
Armour
 c - a +0 buckler (worn)
 e - a +0 robe (worn)
Scrolls
 d - a scroll of fear
Potions
 f - a potion of brilliance {unknown}


   Skills:
 * Level 2.2 Fighting
 - Level 1.7 Long Blades
 - Level 2.6 Axes
 * Level 1.3 Dodging
 - Level 1.0 Stealth
 * Level 1.3 Shields


You had one spell level left.
You didn't know any spells.
Your spell library was empty.

Dungeon Overview and Level Annotations

Branches:
Dungeon (1/15)

Altars:


Innate Abilities, Weirdness & Mutations

You have a pair of small horns on your head.


Message History

You hit the rat.
You kill the rat!
You see here a rat corpse.
A hobgoblin comes into view.
The hobgoblin shouts! x2
You hit the hobgoblin but do no damage. The hobgoblin hits you.
You hit the hobgoblin.
The hobgoblin is almost dead.
The hobgoblin hits you. x2
You hit the hobgoblin but do no damage.
The hobgoblin is almost dead.
The hobgoblin misses you.
You hit the hobgoblin.
You kill the hobgoblin!
You barely miss the hobgoblin. The hobgoblin closely misses you.
You completely miss the hobgoblin. The hobgoblin closely misses you. x2
You barely miss the hobgoblin. The hobgoblin completely misses you.
You hit the hobgoblin.
The hobgoblin is almost dead.
The hobgoblin barely misses you.
You barely miss the hobgoblin.
The hobgoblin is almost dead.
The hobgoblin completely misses you.
You slash the hobgoblin!
You kill the hobgoblin!
Found a club.
Found a rapier.
A goblin comes into view. It is wielding a +0 dagger.
You hit the goblin.
The goblin is severely wounded.
The goblin hits you with a +0 dagger. The goblin hits you but does no damage.
You closely miss the goblin.
The goblin is severely wounded.
The goblin hits you with a +0 dagger.
You hit the goblin.
You kill the goblin!
You have reached level 2!
Your demonic ancestry asserts itself...
A pair of horns grows on your head!
Are you sure you want to abandon this character and quit the game? (Confirm with "yes".)

## .. ####.#...
##.#......
####....)..
##.#....#.##..
##.....).......
##.....#@.......
#....#.#)##.#!..
###..#.#.# ..
##.#.#.# # #.#.#.#
##########.#.#.#
........##.#...#
#..†....#..#
#...#.##..#..######


There were no monsters in sight!

Vanquished Creatures
  An endoplasm (D:1)
  A goblin (D:1)
  3 hobgoblins (D:1)
  A kobold (D:1)
  A rat (D:1)
7 creatures vanquished.

Notes
Turn   | Place    | Note
-------+----------+-------------------------------------------
     0 | D:1      | DungeonMaster the Demonspawn Wanderer began the quest for
                  | the Orb.
     0 | D:1      | DungeonMaster set off with the following items: a +2 hand
                  | axe, a +0 falchion, a +0 buckler, a scroll of fear, a +0
                  | robe.
     0 | D:1      | Reached XP level 1. HP: 16/16 MP: 1/1
   332 | D:1      | Gained mutation: You have a pair of small horns on your
                  | head. [demonic ancestry]
   332 | D:1      | Reached XP level 2. HP: 20/22 MP: 2/2
   332 | D:1      | Quit the game

Illustrated notes

Levels and vault maps discovered:
D:1:      dpeg_arrival_shrine, layout_loops_ring, nicolae_figureground_pulse

Action                   || total
-------------------------++-------
Melee: Hand axe          ||    29
 Stab: Sleeping          ||     2
Armor: Robe              ||     1
Dodge: Dodged            ||    19
Block: Buckler           ||     2

Table legend: (Time is in decaauts)
 A = Elapsed time spent in this place.
 B = Non-inter-level travel time spent in this place.
 C = Inter-level travel time spent in this place.
 D = Time resting spent in this place.
 E = Time spent auto-exploring this place.
 F = Levels seen in this place.
 G = Mean time per level.
                   A        B        C        D        E       F      G
               +--------+--------+--------+--------+--------+-----+--------+
         Total |    339 |    339 |      0 |     86 |    184 |   1 |  339.0 |
       Dungeon |    339 |    339 |      0 |     86 |    184 |   1 |  339.0 |
               +--------+--------+--------+--------+--------+-----+--------+

Top non-repeatable levels by time:
     D:1: 339 daAuts
